 Dungeon Crawl Stone Soup version 0.16-a0-395-g6404e95 (console) character file.

32 gw the Ducker (level 3, 0/18 HPs)
             Began as a Spriggan Gladiator on Sept 15, 2014.
             Slain by a gnoll
             ... wielding a +0 club
              (2 damage)
             ... on Level 2 of the Dungeon.
             The game lasted 00:02:14 (1121 turns).

gw the Ducker (Spriggan Gladiator)                  Turns: 1121, Time: 00:02:14

HP   0/18        AC  2     Str 11      XL: 3   Next:  8%
MP   6/6         EV 20     Int  9      God:
Gold 7           SH  0     Dex 17      Spells:  0 memorised,  2 levels left

rFire  . . .     SeeInvis +     a - +0 cutlass
rCold  . . .     Clarity  .     b - +0 animal skin
rNeg   . . .     rCorr    .     (shield restricted)
rPois  .         rRot     .     c - +0 hat
rElec  .         Spirit   .     (no cloak)
SustAb .         Warding  .     (gloves unavailable)
rMut   .         Stasis   .     (boots unavailable)
Gourm  .                        (no amulet)
MR     .....                    (no ring)
                                (no ring)

@: very quick, not resistant to hostile enchantments, unstealthy
A: unfitting armour, see invisible, herbivore 3, speed 3, slow metabolism 2
a: no special abilities


You were on level 2 of the Dungeon.
You were not hungry.

You visited 1 branch of the dungeon, and saw 2 of its levels.

You collected 7 gold pieces.

Inventory:

Hand weapons
 a - a +0 cutlass (weapon)
Missiles
 d - 3 throwing nets
 f - 66 stones (quivered)
Armour
 b - a +0 animal skin (worn)
 c - a +0 hat (worn)
Comestibles
 g - a bread ration
Scrolls
 j - 2 scrolls of noise
 m - a scroll of fog
Potions
 e - a potion of porridge


   Skills:
 + Level 2.0 Fighting
 * Level 4.0 Short Blades
 - Level 2.1 Throwing
 + Level 4.9 Dodging


You had 2 spell levels left.
You didn't know any spells.

Dungeon Overview and Level Annotations

Branches:
Dungeon (2/15)

Altars:


Innate Abilities, Weirdness & Mutations

You are tiny and cannot use many weapons and most armour.
You have supernaturally acute eyesight.
You are a herbivore.
You cover ground extremely quickly.
You need consume almost no food.


Message History

You closely miss the gnoll.
The gnoll is heavily wounded.
The gnoll completely misses you. The gnoll misses you.
ATTACK MOVE TO (1,-1)
You hit the gnoll but do no damage.
The gnoll is heavily wounded.
The gnoll closely misses you. x2
ATTACK MOVE TO (1,-1)
You hit the gnoll.
The gnoll is heavily wounded.
The gnoll completely misses you.
ATTACK MOVE TO (1,-1)
You closely miss the gnoll.
The gnoll is heavily wounded.
The gnoll barely misses you. The gnoll completely misses you.
ATTACK MOVE TO (1,-1)
You barely miss the gnoll.
The gnoll is heavily wounded.
The gnoll hits you with a club.
You die...

##..##........##....#...
###...%.#...##...........
#......................#.
#..............##.#...... #######
###...###......##........
......## #...####................
.......###........(....#.........
........####.....g.............$.
........# #####ig...#...###.####
........######...###...........#
...............#####............
......)........%...>.##........#
..%....#################.##.####
........# #.)gg....# ........#
#........ ........# ##.......
........# .......


You could see 2 gnolls.

Table legend:
 A = Turns spent in this place as a percentage of turns spent in the entire game.
 B = Non-inter-level travel turns spent in this place as a percentage of non-inter-level travel turns spent in the entire game.
 C = Inter-level travel turns spent in this place as a percentage of turns spent in this place.
 D = Turns resting spent in this place as a percentage of non-inter-level travel turns spent in this place.
 E = Turns spent auto-exploring this place as a percentage of non-inter-level travel turns spent in this place.
 F = Non-inter-level travel turns spent in this place divided by the number of levels of this place that you've seen.
                   A       B       C       D       E      F
               +-------+-------+-------+-------+-------+----------------------
         Total | 100.0 | 100.0 |   0.4 |   3.7 |   9.8 | 229.5
       Dungeon | 100.0 | 100.0 |   0.4 |   3.7 |   9.8 | 229.5
               +-------+-------+-------+-------+-------+----------------------

Table legend:
 A = Kills in this place as a percentage of kills in entire the game.
 B = Kills by you in this place as a percentage of kills by you in the entire game.
 C = Kills by friends in this place as a percentage of kills by friends in the entire game.
 D = Other kills in this place as a percentage of other kills in the entire game.
 E = Experience gained in this place as a percentage of experience gained in the entire game.
 F = Experience gained in this place divided by the number of levels of this place that you have seen.
                   A       B       C       D       E      F
               +-------+-------+-------+-------+-------+----------------------
         Total | 100.0 | 100.0 |  -nan |  -nan | 100.0 |  23.0
       Dungeon | 100.0 | 100.0 |  -nan |  -nan | 100.0 |  23.0
               +-------+-------+-------+-------+-------+----------------------

Vanquished Creatures
  A gnoll (D:2)
  2 hobgoblins
  2 kobolds (D:1)
  A ball python (D:1)
  6 bats
  A giant cockroach (D:2)
  A giant gecko (D:2)
  3 giant newts
  4 goblins
  2 rats
23 creatures vanquished.

Notes
Turn   | Place    | Note
--------------------------------------------------------------
     0 | D:1      | gw, the Spriggan Gladiator, began the quest for the Orb.
     0 | D:1      | Reached XP level 1. HP: 10/10 MP: 2/2
   317 | D:1      | Reached XP level 2. HP: 15/15 MP: 4/4
  1016 | D:2      | Reached XP level 3. HP: 14/18 MP: 6/6
  1121 | D:2      | Slain by a gnoll

Action                   || total
-------------------------++-------
Melee: Cutlass           ||    82
  Use: Scroll            ||     6
       Potion            ||     3
 Stab: Sleeping          ||     1

Vault maps used:
D:1:      dpeg_arrival_tiny_j
D:2:      kennysheep_generic_room_12
